 Dungeon Crawl Stone Soup version 0.27.0-1-g7a089689b8 (webtiles) character file.

Game seed: 4049002256508607932

44 Descartes the Covert (level 3, -7/19 HPs)
             Began as a Spriggan Delver on Aug 14, 2021.
             Shot with a bolt by an orc warrior (11 damage)
             ... in a bailey.
             The game lasted 00:02:25 (252 turns).

Descartes the Covert (Spriggan Delver)               Turns: 252, Time: 00:02:26

Health: -7/19      AC:  2    Str:  8 (9)  XL:     3   Next: 41%
Magic:  4/4        EV: 21    Int:  9 (11) God:
Gold:   53         SH:  0    Dex: 15 (16) Spells: 2/2 levels left

rFire    . . .     SeeInvis +   a - +0 short sword
rCold    . . .     Faith    .   (shield restricted)
rNeg     . . .     Spirit   .   b - +0 robe
rPois    .         Reflect  .   (helmet restricted)
rElec    .         Harm     .   (no cloak)
rCorr    .         Rampage  .   (gloves unavailable)
Will     .....                  (boots unavailable)
Stlth    ++++......             (no amulet)
HPRegen  0.06/turn              i - +4 ring of evasion
MPRegen  0.09/turn              (no ring)

@: brilliant, very quick
A: very small, no large weapons, unfitting armour, see invisible, speed 3
a: no special abilities


You were in a bailey.
You visited 1 branch of the dungeon, and saw 3 of its levels.
You also visited: Bailey.

You collected 53 gold pieces.

Inventory:

Hand Weapons
 a - a +0 short sword (weapon)
Missiles
 d - 15 stones (quivered)
 j - 19 arrows
Armour
 b - a +0 robe (worn)
Jewellery
 i - a +4 ring of evasion (left hand)
Wands
 g - a wand of digging (3)
Scrolls
 c - a scroll of fog
 e - a scroll of fear
 k - a scroll of noise {unknown}
Potions
 f - a potion of haste
 h - a potion of degeneration


   Skills:
 - Level 2.4 Fighting
 - Level 2.1 Short Blades
 + Level 2.7 Dodging
 + Level 9.0 Stealth


You had 2 spell levels left.
You didn't know any spells.
Your spell library was empty.

Dungeon Overview and Level Annotations

Branches:
Dungeon (8/15)             Bailey (1/1)
 Temple: D:4-7         Lair: D:8-11

Altars:


Innate Abilities, Weirdness & Mutations

You are very small and have problems with some larger weapons.
You are too small for most types of armour.
You have supernaturally acute eyesight. (SInv)
You cover ground extremely quickly. (Speed+++)


Message History

You barely miss the goblin.
The goblin is heavily wounded.
The goblin completely misses you.
You barely miss the goblin.
The goblin is heavily wounded.
The goblin misses you.
You closely miss the goblin.
The goblin is heavily wounded.
The goblin misses you.
You barely miss the goblin.
The goblin is heavily wounded.
The goblin hits you with a +0 spear.
* * * LOW HITPOINT WARNING * * *
You closely miss the goblin.
The goblin is heavily wounded.
The goblin misses you.
You hit the goblin.
You kill the goblin!
You see here a +0 spear.
You see here 15 stones.
d - 15 stones You enter the shallow water.
Moving in this stuff is going to be slow.
You hear the faint creaking of a portcullis.
You see here 19 arrows.
j - 19 arrows
There is a flagged portal here.
The world spins around you as you enter the gateway.
You enter a bailey!
An orc, 4 orc warriors and an orc knight come into view.
Found two gates leading back out of this place.
There is an empty arch of ancient stone here. 2 orcs and 2 orc warriors come into view.
The orc warrior shouts! x2; The orc shouts!
The orc warrior shouts!
You hear a shout!
The orc shouts!
Found two gates leading back out of this place.
An orc warrior and an orc knight come into view.
The orc warrior shoots a bolt.
The bolt hits you!
Ouch! That really hurt!
You die...

### #### ##∩##
####
o...##.∩.##.o..
≈≈≈..#...#..≈≈≈
≈.≈≈.......≈≈o≈
ooo≈.......≈oo.
≈o≈≈...@...≈≈o≈
≈≈≈..#...#.o≈≈≈
..o.##...##....
#### ##∩## ####
###


You could see 2 orc knights, 7 orc warriors and 3 orcs.

Vanquished Creatures
  A wight (D:8)
  4 goblins (D:7)
5 creatures vanquished.

Notes
Turn   | Place    | Note
-------+----------+-------------------------------------------
     0 | D:5      | Descartes the Spriggan Delver began the quest for the Orb.
     0 | D:5      | Reached XP level 1. HP: 11/11 MP: 2/2
    52 | D:5      | You fall into a shaft and drop 3 floors!
    53 | D:8      | Noticed a wight
    53 | D:8      | Noticed a sky beast
    53 | D:8      | Killed a wight
    54 | D:8      | Reached skill level 8 in Stealth
    54 | D:8      | Reached XP level 2. HP: 16/16 MP: 3/3
    54 | D:8      | Reached XP level 3. HP: 19/19 MP: 4/4
   180 | D:7      | Found a flagged portal.
   213 | D:7      | Reached skill level 9 in Stealth
   248 | Bailey   | Entered a bailey
   248 | Bailey   | Noticed an orc warrior
   248 | Bailey   | Noticed an orc knight
   248 | Bailey   | Noticed an orc warrior
   248 | Bailey   | Noticed an orc warrior
   248 | Bailey   | Noticed an orc warrior
   249 | Bailey   | Noticed an orc warrior
   249 | Bailey   | Noticed an orc warrior
   250 | Bailey   | Noticed an orc knight
   250 | Bailey   | Noticed an orc warrior
   252 | Bailey   | Shot with a bolt by an orc warrior

Illustrated notes

Levels and vault maps discovered:
D:5:      kennysheep_six_static_rooms, layout_basic, kennysheep_mini,
          uniq_eustachio
D:7:      layout_loops_corners, nicolae_yredelemnul_corpse_copse, enter_bailey_3
D:8:      layout_basic, mainiacjoe_overflow_boulevard, serial_undead,
          serial_undead_c, serial_undead_e, serial_undead_d, serial_undead_a,
          grunt_potential
Bailey:   bailey_polearm_4, bailey

Skill      XL: |  1  2  3 |
---------------+----------+-----
Stealth        | 8 9 |  9.0
Fighting       | |  2.4
Short Blades   | |  2.1
Dodging        | |  2.7

Action                   || total
-------------------------++-------
Melee: Short sword       ||    19
  Use: Potion            ||     3
       Scroll            ||     1
 Stab: Sleeping          ||     1
Armor: Robe              ||     2
Dodge: Dodged            ||    19
